 Dungeon Sprint DCSS version 0.23.2-11-gf996548c65 (webtiles) character file.

Game seed: 11567557091970735088

116 wilfster70 the Covert (level 4, -6/21 HPs)
             Began as a Spriggan Enchanter on June 6, 2019.
             Mangled by Sigmund
             ... wielding a +2 antimagic scythe
              (12 damage)
             ... in the Dungeon (Sprint I: "Red Sonja").
             The game lasted 00:01:26 (172 turns).

wilfster70 the Covert (Spriggan Enchanter)           Turns: 172, Time: 00:01:27

Health: -6/21      AC:  2    Str:  4    XL:     4   Next: 69%
Magic:  1/9        EV: 18    Int: 16    God:
Gold:   54         SH:  0    Dex: 17    Spells: 2/8 levels left

rFire    . . .     SeeInvis +   a - +1 dagger
rCold    . . .     Gourm    .   (shield restricted)
rNeg     . . .     Faith    .   b - +0 robe
rPois    .         Spirit   .   (helmet restricted)
rElec    .         Reflect  .   (no cloak)
rCorr    .         Harm     .   (gloves unavailable)
MR       .....     NoTele   +   (boots unavailable)
Stlth    ++++++....             (no amulet)
HPRegen  0.07/turn              (no ring)
MPRegen  0.11/turn              (no ring)

@: very slightly contaminated, very quick
A: very small, unfitting armour, see invisible, herbivore, speed 3, slow
metabolism 2
a: no special abilities


You were in the Dungeon.
You were not hungry.

You visited 1 branch You collected 54 gold pieces.

Inventory:

Hand Weapons
 a - a +1 dagger (weapon)
Armour
 b - a +0 robe (worn)
Wands
 c - a wand of random effects (13)
Scrolls
 j - a scroll of blinking
Potions
 e - a potion of curing
 f - a potion of heal wounds
 g - a potion of haste
 h - 2 potions of magic
Comestibles
 d - a ration


   Skills:
 - Level 1.1 Short Blades
 - Level 3.0 Dodging
 + Level 14.4 Stealth
 - Level 2.6 Spellcasting
 - Level 3.6 Hexes


You had 2 spell levels left.
You knew the following spells:

 Your Spells              Type           Power        Failure   Level  Hunger
a - Corona                Hex            ##.....      4%          1    #......
b - Ensorcelled Hibernat  Hex/Ice        #.....       14%         2    ##.....
c - Confuse               Hex            ##......     13%         3    ###....

Your spell library contained the following spells:

 Spells                   Type           Power        Failure   Level  Hunger
 Tukima's Dance           Hex            ##......     13%         3    ###....
 Dazzling Spray           Conj/Hex       #.....       28%         3    ###....


Dungeon Overview and Level Annotations

Branches:
Dungeon (1/1)

Altars:

Annotations:
D Sigmund


Innate Abilities, Weirdness & Mutations

You are very small and have problems with some larger weapons.
You are too small for most types of armour.
You have supernaturally acute eyesight. (SInv)
You are a herbivore.
You cover ground extremely quickly.
You need to consume almost no food.


Message History

* * * LOW HITPOINT WARNING * * *
You feel your power leaking away. Sigmund closely misses you.
There is a fountain of clear blue water here.
There is a fountain of clear blue water here.
There is a fountain of clear blue water here.
There is a fountain of clear blue water here.
Sigmund closely misses you.
There is a fountain of clear blue water here.
There is a fountain of clear blue water here.
Sigmund completely misses you.
There is a fountain of clear blue water here.
There is a fountain of clear blue water here.
There is a fountain of clear blue water here.
Sigmund closely misses you.
There is a fountain of clear blue water here.
There is a fountain of clear blue water here.
Sigmund hits you from afar with a +2 antimagic scythe!
Ouch! That really hurt!
You die...

#############
#<.#.['..#..+
#..'..#.)'@.#
#..#####'####
#..# #..#
#.@# ####
#..# #@⌠#
####


You could see Sigmund.

Vanquished Creatures
  An ogre (D)
  Ijyb (D)
2 creatures vanquished.

Notes
Turn   | Place    | Note
-------+----------+-------------------------------------------
     0 | D        | wilfster70 the Spriggan Enchanter began the quest for the
                  | Orb.
     0 | D        | Reached XP level 1. HP: 9/9 MP: 5/5
     2 | D        | Noticed Ijyb
     9 | D        | Killed Ijyb
     9 | D        | Reached skill level 9 in Stealth
     9 | D        | Reached XP level 2. HP: 12/13 MP: 6/6
    21 | D        | Learned a level 2 spell: Ensorcelled Hibernation
   117 | D        | Noticed an ogre
   120 | D        | Killed an ogre
   120 | D        | Reached skill level 14 in Stealth
   120 | D        | Reached XP level 3. HP: 16/16 MP: 8/8
   120 | D        | Reached XP level 4. HP: 21/21 MP: 9/9
   125 | D        | Learned a level 3 spell: Confuse
   133 | D        | Noticed Sigmund
   172 | D        | Mangled by Sigmund

Skill      XL: |  1  2 |
---------------+-------+-----
Stealth        | 9 14 | 14.4
Short Blades   | |  1.1
Dodging        | |  3.0
Spellcasting   | |  2.6
Hexes          | |  3.6

Action                   |  1- 3 |  4- 6 || total
-------------------------+-------+-------++-------
Melee: Dagger            |     5 |       ||     5
 Cast: Ensorcelled Hiber |       |     3 ||     3
  Use: Potion            |     1 |       ||     1
 Stab: Sleeping          |     1 |       ||     1
Dodge: Dodged            |     1 |     7 ||     8
